 Dungeon Crawl Stone Soup version 0.23-a0-137-gef0ad6d46f (webtiles) character file.

579 Napalmbreeze the Chopper (level 7, -2/63 HPs)
             Began as a Deep Dwarf Fighter on Aug 29, 2018.
             Slain by an orc warrior
             ... wielding a +0 war axe
              (10 damage)
             ... on level 4 of the Dungeon.
             The game lasted 00:06:04 (2865 turns).

Napalmbreeze the Chopper (Deep Dwarf Fighter)       Turns: 2865, Time: 00:06:06

Health: -2/63      AC:  8    Str: 19    XL:     7   Next: 13%
Magic:  7/7        EV: 11    Int:  9    God:
Gold:   151        SH: 10    Dex: 14    Spells: 6/6 levels left

rFire    . . .     SeeInvis .   a - +0 war axe
rCold    . . .     Gourm    .   c - +0 shield
rNeg     . . .     Faith    .   b - +0 scale mail
rPois    .         Spirit   .   (no helmet)
rElec    .         Reflect  .   (no cloak)
rCorr    .         Harm     .   o - +0 pair of gloves
MR       +....                  (no boots)
Stlth    ..........             (no amulet)
HPRegen  0.00/turn              h - +2 ring of evasion
MPRegen  0.10/turn              (no ring)

@: non-regenerating
A: damage resistance, heal wounds, sense surroundings 1, no regeneration
a: Heal Wounds


You were on level 4 of the Dungeon.
You were hungry.

You visited 1 branch of the dungeon, and saw 4 of its levels.

You collected 151 gold pieces.

Inventory:

Hand Weapons
 a - a +0 war axe (weapon)
Armour
 b - a +0 scale mail (worn)
 c - a +0 shield (worn)
 o - a +0 pair of gloves (worn)
Jewellery
 h - a +2 ring of evasion (left hand)
Wands
 p - a wand of flame (28)
Scrolls
 e - a scroll of identify
 g - a scroll of magic mapping
 l - a scroll of teleportation
 m - a scroll of immolation
 q - a scroll of fog {unknown}
 r - a scroll of amnesia {unknown}
 t - 2 scrolls of remove curse
Potions
 d - a potion of might
 i - 2 potions of heal wounds {unknown}
 j - a potion of magic {unknown}
 k - a potion of brilliance {unknown}
 s - a potion of curing {unknown}
Comestibles
 f - 7 rations


   Skills:
 + Level 3.9 Fighting
 * Level 5.3 Axes
 + Level 4.6 Armour
 + Level 3.0 Dodging
 + Level 4.7 Shields


You had 6 spell levels left.
You didn't know any spells.
Your spell library was empty.

Dungeon Overview and Level Annotations

Branches:
Dungeon (4/15)
 Temple: D:4-7

Altars:
The Shining One

Shops:
D:4 :


Innate Abilities, Weirdness & Mutations

You are resistant to damage.
You can heal yourself by infusing magical energy.
You passively map a small area around you.
You do not regenerate.


Message History

The orc warrior is moderately wounded.
You block the orc warrior's attack.
You hit the orc warrior but do no damage.
The orc warrior is moderately wounded.
The orc warrior hits you with a war axe!
* * * LOW HITPOINT WARNING * * *
The orc warrior hits you with a war axe!
* * * LOW HITPOINT WARNING * * *
You slash the orc warrior!
The orc warrior is heavily wounded.
You hit the orc. The orc completely misses you. The orc warrior misses you.
You feel much better. The orc hits you.
You barely miss the orc warrior.
The orc warrior is heavily wounded.
You completely miss the orc.
The orc warrior hits you with a war axe!!
* * * LOW HITPOINT WARNING * * *
The orc hits you but does no damage.
The orc warrior hits you with a war axe!
You die...

.#+#####.........# #.#
*####.........# #.##
........####.#. #.#<
#######(# #.#.#######.##
* #(# #.#.........# #.#
#........##### ,
*######(####.............
........(.##........#####
........@.##........# ,
........oo##........# *
..........##........# ,
..........##........#
........#...........# * *
######..#...........# ,,
#.. .∩.######### + #..
...' , *


You could see an orc warrior and an orc.

Vanquished Creatures
  Sigmund (D:2)
  A necrophage (D:3)
  An ogre (D:3)
  A howler monkey (D:3)
  An orc wizard (D:3)
  4 gnolls (D:3)
  5 adders
  A worm (D:3)
  3 dart slugs
  2 leopard geckos (D:2)
  15 orcs (D:3)
  8 giant cockroaches
  9 goblins
  9 hobgoblins
  6 jackals (D:3)
  A quokka (D:2)
  6 bats
  5 frilled lizards
  5 kobolds
  5 rats
89 creatures vanquished.

Notes
Turn   | Place    | Note
-------+----------+-------------------------------------------
     0 | D:1      | Napalmbreeze the Deep Dwarf Fighter began the quest for the
                  | Orb.
     0 | D:1      | Reached XP level 1. HP: 20/20 MP: 1/1
   259 | D:1      | Reached XP level 2. HP: 25/27 MP: 2/2
   796 | D:2      | Reached skill level 3 in Axes
   796 | D:2      | Reached skill level 1 in Dodging
   796 | D:2      | Reached XP level 3. HP: 24/33 MP: 3/3
  1017 | D:2      | Noticed Sigmund
  1146 | D:2      | Killed Sigmund
  1146 | D:2      | Reached skill level 4 in Axes
  1146 | D:2      | Reached XP level 4. HP: 42/42 MP: 4/4
  1146 | D:2      | Reached XP level 5. HP: 49/49 MP: 5/5
  1603 | D:3      | Found a faded altar of an unknown god.
  1789 | D:3      | Reached XP level 6. HP: 28/56 MP: 6/6
  1829 | D:3      | Found a glowing golden altar of the Shining One.
  1899 | D:3      | Reached skill level 5 in Axes
  2204 | D:3      | Reached XP level 7. HP: 31/59 MP: 7/7
  2857 | D:4      | Found Arphuc's Book Shop.
  2865 | D:4      | Slain by an orc warrior

Vault maps used:
D:1:      kilobyte_arrival_exit_the_forest, item_on_display_a
D:2:      uniq_sigmund
D:3:      tso_metal_star, chequers_ecumenical_altar_island, first_ration,
          minmay_checkerbox
D:4:      serial_shops, shop, dk_noncrumbling_4, uniq_eustachio

Skill      XL: |  1  2  3  4  5  6  7 |
---------------+----------------------+-----
Axes           | 3 4 5 |  5.3
Dodging        | 1 2 3 |  3.0
Fighting       | 3 |  3.9
Armour         | 4 |  4.6
Shields        | 4 |  4.7

Action                   |  1- 3 |  4- 6 |  7- 9 || total
-------------------------+-------+-------+-------++-------
Melee: War axe           |    89 |   141 |    47 ||   277
 Abil: Heal Wounds       |     1 |     1 |     1 ||     3
  Use: Scroll            |       |     5 |       ||     5
  Eat: Chunk             |       |     5 |     1 ||     6
Armor: Scale mail        |    46 |    39 |    12 ||    97
Dodge: Dodged            |    37 |    66 |    13 ||   116
Block: Shield            |    63 |    84 |    24 ||   171

Table legend:
 A = Non-vault XP
 B = Vault XP
 C = Vault XP percentage of total XP
 D = Non-vault monster count
 E = Vault monster count
 F = Vault count percentage of total count
                 A         B        C        D         E       F
            +---------+---------+-------+---------+---------+-------
      Total |     609 |     219 |  26.4 |      84 |       5 |   5.6
            +---------+---------+-------+---------+---------+-------
        D:1 |      19 |       0 |   0.0 |      13 |       0 |   0.0
        D:2 |      80 |     212 |  72.6 |      23 |       1 |   4.2
        D:3 |     494 |       7 |   1.4 |      46 |       4 |   8.0
        D:4 |      16 |       0 |   0.0 |       2 |       0 |   0.0
            +---------+---------+-------+---------+---------+-------
